 Dungeon Crawl Stone Soup version 0.29-a0-221-gceb61267dd (webtiles) character file.

Game seed: 780676396274444319

29115 ParaBellum the Fighter (level 13, 0/123 HPs)
             Began as a Minotaur Berserker on Feb 26, 2022.
             Was a Believer of Trog.
             Killed from afar by a deep elf pyromancer (2 damage)
             ... with a bolt of fire
             ... on level 14 of the Dungeon on Feb 27, 2022.
             The game lasted 01:41:33 (21231 turns).

ParaBellum the Fighter (Minotaur Berserker)        Turns: 21231, Time: 01:41:34

Health: 0/123      AC: 21    Str: 30    XL:     13   Next: 13%
Magic:  0/12       EV: 12    Int:  6    God:    Trog [**....]
Gold:   763        SH:  0    Dex: 11    Spells: 12/12 levels left

rFire   + + .      SeeInvis .   w - +5 battleaxe (freeze)
rCold   + . .      Faith    .   (shield currently unavailable)
rNeg    . . .      Spirit   +   c - +2 plate armour
rPois   .          Reflect  .   (helmet restricted)
rElec   .          Harm     .   x - scarf {rC+ rF+}
rCorr   .          Rampage  .   A - +0 pair of gloves
Will    .....                   u - +0 pair of boots
Stlth   ..........              r - amulet of guardian spirit
HPRegen 0.30/turn               E - +6 ring of strength
MPRegen 0.13/turn               q - ring of protection from fire

@: on berserk cooldown, slowed, very slow
A: horns 2, retaliatory headbutt
a: Renounce Religion, Berserk, Trog's Hand


You were on level 14 of the Dungeon.
You worshipped Trog.
Trog was pleased with you.
You visited 1 branch of the dungeon, and saw 14 of its levels.

You collected 763 gold pieces.

Inventory:

Hand Weapons
 k - a +0 arbalest
 m - a +2 scythe of venom
 n - a +1 war axe
 w - a +5 battleaxe of freezing (weapon)
 z - the +7 hand crossbow of Moral Flaws {elec, rPois Will+ Dex+3 SInv}
   (You found it on level 11 of the Dungeon)

   Any ammunition fired from it occasionally discharges a powerful burst of
   electricity upon striking a foe.
   Dex:       It affects your dexterity (+3).
   rPois:     It protects you from poison.
   SInv:      It lets you see invisible.
   Will:      It increases your willpower.
Missiles
 s - 3 silver boomerangs (quivered)
 B - 4 boomerangs
Armour
 c - a +2 plate armour (worn)
 t - a +2 cloak
 u - a +0 pair of boots (worn)
 x - a scarf of resistance (worn)
 A - a +0 pair of gloves (worn)
Jewellery
 i - a ring of poison resistance
 o - a +6 ring of dexterity
 q - a ring of protection from fire (right hand)
 r - an amulet of guardian spirit (around neck)
 v - a ring of ice
 E - a +6 ring of strength (left hand)
Wands
 j - a wand of paralysis (2)
 l - a wand of mindburst (10)
 C - a wand of digging (11)
 F - a wand of charming (4)
 G - a wand of polymorph (7)
Scrolls
 a - 2 scrolls of blinking
 f - a scroll of fog
 h - 5 scrolls of teleportation
 y - a scroll of silence
 D - 3 scrolls of identify
Potions
 b - 2 potions of ambrosia
 d - a potion of curing
 e - 3 potions of might
 g - a potion of invisibility
 p - a potion of resistance
 H - a potion of cancellation {unknown}


   Skills:
 + Level 13.9 Fighting
 + Level 13.9 Axes
 + Level 13.6 Armour
 + Level 12.5 Dodging


You had 12 spell levels left.
You didn't know any spells.
Your spell library contained the following spells:

 Spells                   Type           Power      Damage    Failure   Level
 Portal Projectile        Hex/Tloc       0%         N/A       100%        3
 Blade Hands              Tmut           0%         N/A       100%        5
 Excruciating Wounds      Necr           0%         N/A       100%        5


Dungeon Overview and Level Annotations

Branches:
Dungeon (14/15)            Temple (0/1) D:7            Lair (0/6) D:8
    Orc (0/2) D:11
 Vaults: D:13-14

Altars:
Kikubaaqudgha
Okawaru
The Shining One

Shops:
D:4 *


Innate Abilities, Weirdness & Mutations

You have a pair of horns on your head.
You reflexively headbutt those who attack you in melee.


Message History

The skeletal warrior misses you. You furiously retaliate!
You headbutt the skeletal warrior, but do no damage.
As you read the scroll of teleportation, it crumbles to dust.
You feel strangely unstable. Something hits you but does no damage.
The six-headed hydra bites you but does no damage. x2
The six-headed hydra completely misses you.
The six-headed hydra bites you but does no damage.
The six-headed hydra barely misses you.
The six-headed hydra bites you but does no damage.
The skeletal warrior closely misses you.
You furiously retaliate!
You headbutt the skeletal warrior, but do no damage.
The yak is engulfed in blazing flames.
Something hits you but does no damage.
Your surroundings suddenly seem different.
A slime creature comes into view.
Found a fuming red potion, a book of Chaos and a potion of haste.
The slime creature quivers.
The centaur warrior wields a +0 shortbow.
The centaur warrior shoots an arrow.
The arrow hits you!
* * * LOW HITPOINT WARNING * * *
A slime creature comes into view.
The slime creature misses you. You furiously retaliate!
You headbutt the slime creature.
The centaur warrior shoots an arrow.
The arrow hits you!!
* * * LOW HITPOINT WARNING * * *
The deep elf pyromancer casts a spell at you.
The bolt of fire hits you. You resist.
* * * LOW HITPOINT WARNING * * *
The slime creature quivers.
The yak bellows!
You feel better.
The centaur warrior unwields a +0 rapier.
The centaur warrior wields a +0 shortbow.
The centaur warrior shoots an arrow.
The arrow hits you!
* * * LOW HITPOINT WARNING * * *
The centaur warrior shoots an arrow.
The arrow hits you but does no damage. The slime creature barely misses you.
The deep elf pyromancer gestures at you while chanting.
The bolt of fire hits you. You resist.
You die...

#. .###.# ##...#.. #.
#..# !. .#..## #c###.#
.#..#..######...#..
....#......zEe#...
....#####E†D)###.##
........'.°EY○#.@J#
..#.....#..##.ce#J!.#
........#...##Y###.##
........#..###..# :.#
....#####..#.##... ...
....# ...#..# .###.###
....# ....#..###. ##<#
....########..#.## ###.#
##'#....####.....###...#


You could see 2 slime creatures, 2 centaur warriors, a deep elf pyromancer and a
yak.

Vanquished Creatures
  Rupert (D:14)
  The ghost of shoop the Markself, a journeyman DEAM of Fedhas (D:12)
  3 hydras
  3 boulder beetles
  The ghost of Caly the Destroyer, a journeyman OpCj of Vehumet (D:11)
  2 centaur warriors (D:14)
  Erica (D:8)
  7 two-headed ogres
  A tengu warrior (D:14)
  The ghost of HuGe the Cleaver, a novice MiBe of Trog (D:6)
  2 deep elf pyromancers
  2 cyclopes
  An ugly thing (D:13)
  2 manticores
  A black mamba (shapeshifter) (D:13)
  2 gargoyles
  An unseen horror (D:10)
  An unseen horror (shapeshifter) (D:14)
  A komodo dragon (D:12)
  4 trolls
  6 slime creatures (D:12)
  Sigmund (D:2)
  2 vampires
  2 wraiths
  7 yaks
  A shadow (D:12)
  2 wyverns
  2 steam dragons
  Grum (D:10)
  4 vampire mosquitoes
  A water moccasin (D:7)
  2 acid dragons
  6 orc warriors
  A black bear (D:5)
  4 ice beasts
  2 sky beasts
  2 ogres
  6 centaurs
  2 wolves (D:10)
  A phantom (D:5)
  4 kobold brigands
  A bullfrog (D:6)
  2 scorpions
  3 gnoll sergeants (D:8)
  7 killer bees
  An electric eel (D:13)
  8 howler monkeys
  12 wights
  2 hounds (D:6)
  9 orc priests
  4 jellies
  A gnoll shaman (D:8)
  Jessica (D:3)
  Ijyb (D:3)
  Terence (D:3)
  4 iguanas
  12 orc wizards
  17 gnolls (D:8)
  5 adders
  3 shadow imps
  2 white imps
  A dart slug (D:1)
  43 orcs
  8 ball pythons
  4 bats
  4 endoplasms
  3 giant cockroaches
  13 goblins
  7 hobgoblins
  10 jackals
  4 quokkas
  2 frilled lizards
  12 kobolds
  6 rats
310 creatures vanquished.

Vanquished Creatures (others)
  A wizard (D:14)
1 creature vanquished.

Grand Total: 311 creatures vanquished

Notes
Turn   | Place    | Note
-------+----------+-------------------------------------------
     0 | D:1      | ParaBellum the Minotaur Berserker began the quest for the
                  | Orb.
     0 | D:1      | Reached XP level 1. HP: 19/19 MP: 0/0
   120 | D:1      | Reached XP level 2. HP: 25/27 MP: 1/1
   395 | D:1      | Found a faded altar of an unknown god.
   992 | D:1      | Reached XP level 3. HP: 33/33 MP: 2/2
  1304 | D:2      | Found an ancient bone altar of Kikubaaqudgha.
  1697 | D:2      | Reached ** piety under Trog
  2114 | D:2      | Noticed Sigmund
  2122 | D:2      | Killed Sigmund
  2123 | D:2      | Reached skill level 5 in Fighting
  2123 | D:2      | Reached skill level 5 in Axes
  2123 | D:2      | Reached XP level 4. HP: 42/42 MP: 3/3
  2123 | D:2      | Reached XP level 5. HP: 48/48 MP: 4/4
  2494 | D:3      | Noticed Terence
  2500 | D:3      | Killed Terence
  2643 | D:3      | Noticed Jessica
  2646 | D:3      | Noticed Ijyb
  2649 | D:3      | Paralysed by Ijyb for 5 turns
  2656 | D:3      | Killed Jessica
  2657 | D:3      | Reached XP level 6. HP: 56/56 MP: 5/5
  2657 | D:3      | Paralysed by Ijyb for 7 turns
  2666 | D:3      | Killed Ijyb
  3853 | D:4      | Found Janaog's Gadget Gallery.
  4001 | D:4      | Reached skill level 5 in Armour
  4001 | D:4      | Reached XP level 7. HP: 50/62 MP: 6/6
  4446 | D:5      | Entered Level 5 of the Dungeon
  4854 | D:5      | Reached skill level 5 in Dodging
  5483 | D:5      | Reached XP level 8. HP: 71/71 MP: 7/7
  6197 | D:6      | Noticed HuGe's ghost (novice MiBe)
  6209 | D:6      | Found a runed translucent gate.
  6209 | D:6      | Found a runed translucent gate.
  6296 | D:6      | Found a runed translucent gate.
  6783 | D:6      | Killed HuGe's ghost
  6784 | D:6      | Reached XP level 9. HP: 38/81 MP: 2/8
  9412 | D:7      | Found a staircase to the Ecumenical Temple.
  9798 | D:8      | Noticed a two-headed ogre
  9805 | D:8      | Killed a two-headed ogre
  9806 | D:8      | Reached XP level 10. HP: 91/91 MP: 7/9
  9820 | D:8      | Found a staircase to the Lair.
 10111 | D:8      | Reached *** piety under Trog
 10158 | D:8      | Found a glowing golden altar of the Shining One.
 10178 | D:8      | Noticed Erica
 10183 | D:8      | Killed Erica
 10184 | D:8      | Reached skill level 10 in Fighting
 10184 | D:8      | Reached skill level 10 in Axes
 11024 | D:9      | Reached skill level 10 in Armour
 12138 | D:10     | Entered Level 10 of the Dungeon
 12387 | D:10     | Noticed a two-headed ogre
 12394 | D:10     | Killed a two-headed ogre
 12469 | D:10     | Reached XP level 11. HP: 101/101 MP: 8/10
 12563 | D:10     | Noticed a two-headed ogre
 12563 | D:10     | Noticed a two-headed ogre
 12563 | D:10     | Noticed a two-headed ogre
 12570 | D:10     | Killed a two-headed ogre
 12593 | D:10     | HP: 3/102 [two-headed ogre/+0 giant club (5)]
 13206 | D:10     | Killed a two-headed ogre
 13539 | D:10     | Noticed Grum
 13542 | D:10     | Killed Grum
 13544 | D:10     | Reached skill level 10 in Dodging
 13589 | D:10     | Killed a two-headed ogre
 14291 | D:11     | Found the +3 robe of Clouds {*Thunder rCloud rElec}
 14309 | D:11     | Noticed a boulder beetle
 14323 | D:11     | Killed a boulder beetle
 14623 | D:11     | Found a transporter.
 14625 | D:11     | Noticed Caly's ghost (journeyman OpCj)
 14626 | D:11     | Found a transporter.
 14697 | D:11     | Killed Caly's ghost
 14719 | D:11     | Identified the +7 hand crossbow of Moral Flaws {elec, rPois
                  | Will+ Dex+3 SInv}
 14768 | D:11     | Noticed a boulder beetle
 14780 | D:11     | Killed a boulder beetle
 15099 | D:11     | Found a staircase to the Orcish Mines.
 15408 | D:11     | Noticed a four-headed hydra
 15418 | D:11     | Killed a ten-headed hydra
 15770 | D:11     | Noticed a two-headed ogre
 15778 | D:11     | Killed a two-headed ogre
 16051 | D:12     | Reached XP level 12. HP: 67/113 MP: 4/11
 16557 | D:12     | Noticed a five-headed hydra
 16565 | D:12     | Killed a nine-headed hydra
 16850 | D:12     | Found a runed translucent gate.
 16850 | D:12     | Found a runed translucent gate.
 16852 | D:12     | Found a runed translucent gate.
 16852 | D:12     | Noticed an eight-headed hydra
 16853 | D:12     | Noticed shoop's ghost (journeyman DEAM)
 16854 | D:12     | Noticed a two-headed ogre
 16917 | D:12     | Killed an 11-headed hydra
 16920 | D:12     | Killed a two-headed ogre
 16926 | D:12     | Killed shoop's ghost
 19177 | D:13     | Found an iron altar of Okawaru.
 19223 | D:13     | Noticed a boulder beetle
 19254 | D:13     | Killed a boulder beetle
 20112 | D:14     | Noticed Rupert
 20124 | D:14     | Killed Rupert
 20668 | D:14     | Reached XP level 13. HP: 43/123 MP: 6/12
 21230 | D:14     | HP: 5/123 [deep elf pyromancer/bolt of fire (4)]
 21231 | D:14     | HP: 2/123 [centaur warrior/arrow (9)]
 21231 | D:14     | Killed from afar by a deep elf pyromancer

Illustrated notes

Levels and vault maps discovered:
D:1:      lemuel_arrival_rhombus, layout_basic, ebering_ecumenical_altar_hall
D:2:      layout_rooms, basic_altar, uniq_sigmund
D:3:      layout_loops_ring, minmay_quadrilaterals, uniq_terence, uniq_ijyb,
          uniq_jessica
D:4:      layout_loops_ring, nicolae_shop_gadgets
D:5:      cheibrodos_quashed, layout_loops_corners
D:6:      layout_basic, gammafunk_ghost_split, kennysheep_generic_room_4
D:7:      layout_loops_ring, minmay_temple_entry_hall
D:8:      minmay_spotlight, layout_basic, lemuel_tele_altar, lair_entry_dummy,
          uniq_erica
D:9:      layout_irregular_city, enter_bailey_4
D:10:     minmay_razor_zed, layout_loops_ring, uniq_grum
D:11:     layout_gridville, orc_0_dummy, gammafunk_ghost_arena
D:12:     layout_loops_corners, gammafunk_ghost_split
D:13:     layout_roguey, minmay_crystal_water, okawaru_ov_weapons_minmay
D:14:     layout_stronghold, erik_vaults_2, chequers_garden,
          kennysheep_kite_vault, uniq_rupert

Skill      XL: |  1  2  3  4  5  6  7  8  9 10 11 12 |
---------------+-------------------------------------+-----
Axes           | 4 5 6 8 9 10 12 13 | 13.9
Fighting       | 4 5 6 8 9 10 12 13 | 13.9
Armour         | 4 5 6 7 9 10 12 13 | 13.6
Dodging        | 3 4 5 7 8 9 11 12 | 12.5

Action                   |  1- 3 |  4- 6 |  7- 9 | 10-12 | 13-15 || total
-------------------------+-------+-------+-------+-------+-------++-------
Melee: Hand axe          |    72 |       |       |       |       ||    72
       Headbutt          |     9 |     7 |    29 |    75 |     3 ||   123
       Scythe            |       |    55 |   104 |       |       ||   159
       Battleaxe         |       |       |    72 |   387 |    13 ||   472
       War axe           |       |       |     7 |       |       ||     7
 Fire: Hunting sling     |       |       |     4 |       |       ||     4
Throw: Stone             |       |     3 |     8 |       |       ||    11
       Boomerang         |       |       |     1 |     2 |       ||     3
Invok: Berserk           |     5 |     3 |    10 |    22 |     1 ||    41
       Trog's Hand       |     1 |       |     8 |    14 |     1 ||    24
Evoke: Wand              |       |       |     2 |    18 |       ||    20
  Use: Scroll            |     4 |     7 |     8 |    12 |     1 ||    32
       Potion            |       |       |     2 |     6 |     2 ||    10
Armor: Animal skin       |    16 |       |       |       |       ||    16
       Plate armour      |       |    48 |   185 |   298 |    39 ||   570
       Scale mail        |       |     6 |       |       |       ||     6
Dodge: Dodged            |    59 |    25 |    94 |   262 |    37 ||   477

Table legend: (Time is in decaauts)
 A = Elapsed time spent in this place.
 B = Non-inter-level travel time spent in this place.
 C = Inter-level travel time spent in this place.
 D = Time resting spent in this place.
 E = Time spent auto-exploring this place.
 F = Levels seen in this place.
 G = Mean time per level.
                   A        B        C        D        E       F      G
               +--------+--------+--------+--------+--------+-----+--------+
         Total |  21772 |  20051 |   1721 |  11216 |   6652 |  14 | 1555.1 |
       Dungeon |  21772 |  20051 |   1721 |  11216 |   6652 |  14 | 1555.1 |
               +--------+--------+--------+--------+--------+-----+--------+

Top non-repeatable levels by time:
    D:12: 2651 daAuts
    D:10: 2206 daAuts
     D:6: 1829 daAuts
     D:7: 1810 daAuts
    D:11: 1775 daAuts
     D:5: 1754 daAuts
    D:13: 1417 daAuts
     D:8: 1290 daAuts
     D:1: 1259 daAuts
     D:9: 1246 daAuts
    D:14: 1210 daAuts
     D:2: 1176 daAuts
     D:3: 1109 daAuts
     D:4: 1031 daAuts
